 Dungeon Crawl Stone Soup version 0.29-a0-789-g7a8fcbc185 (webtiles) character file.

Game seed: 4648191596569574271

502 bande the Covered (level 7, 0/44 HPs)
             Began as a Gargoyle Fighter on July 3, 2022.
             Splashed by a jelly's acid (2 damage)
             ... on level 5 of the Dungeon.
             The game lasted 00:06:58 (4675 turns).

bande the Covered (Gargoyle Fighter)                Turns: 4675, Time: 00:06:59

Health: 0/44       AC: 12    Str: 24    XL:     7   Next: 17%
Magic:  7/7        EV:  6    Int:  7    God:
Gold:   187        SH: 14    Dex: 16    Spells: 6/6 levels left

rFire   + . .      SeeInvis .   a - +0 war axe
rCold   . . .      Faith    +   o - +0 tower shield
rNeg    + . .      Spirit   .   b - +0 scale mail
rPois   ∞          Reflect  .   (no helmet)
rElec   +          Harm     .   (no cloak)
rCorr   +          Rampage  .   (no gloves)
Will    .....                   (no boots)
Stlth   ..........              f - amulet of faith
HPRegen 0.14/turn               l - +6 ring of dexterity
MPRegen 0.10/turn               c - ring of resist corrosion

@: no status effects
A: sickness immunity, AC +4, negative energy resistance 1, electricity
resistance, torment resistance 1, petrification resistance, fire resistance 1,
strong 1
a: no special abilities


You were on level 5 of the Dungeon.
You visited 1 branch of the dungeon, and saw 5 of its levels.

You collected 187 gold pieces.

Inventory:

Hand Weapons
 a - a +0 war axe (weapon)
Armour
 b - a +0 scale mail (worn)
 o - a +0 tower shield (worn)
Jewellery
 c - a ring of resist corrosion (right hand)
 f - an amulet of faith (around neck)
 h - a ring of positive energy
 l - a +6 ring of dexterity (left hand)
 n - a ring of wizardry
Wands
 m - a wand of polymorph (12)
Scrolls
 g - 4 scrolls of teleportation
Potions
 d - a potion of might
 e - 2 potions of curing
 i - 2 potions of cancellation {unknown}
 j - a potion of magic
 k - a potion of attraction {unknown}


   Skills:
 + Level 4.4 Fighting
 + Level 4.3 Axes
 + Level 4.7 Armour
 + Level 4.6 Shields
 * Level 2.0 Evocations


You had 6 spell levels left.
You didn't know any spells.
Your spell library contained the following spells:

 Spells                   Type           Power      Damage    Failure   Level
 Foxfire                  Conj/Fire      0%         2x1d4     100%        1
 Ensorcelled Hibernation  Hex/Ice        0%         N/A       100%        2
 Passwall                 Tmut/Erth      0%         N/A       100%        2
 Static Discharge         Conj/Air       0%         3-3/arc   100%        2
 Conjure Flame            Conj/Fire      0%         6-21      100%        3
 Inner Flame              Hex/Fire       0%         N/A       100%        3
 Summon Guardian Golem    Hex/Summ       0%         N/A       100%        3
 Swiftness                Air            0%         N/A       100%        3
 Dispel Undead            Necr           0%         3d6       100%        4
 Flame Wave               Conj/Fire      0%         2d4       100%        4
 Sticky Flame             Conj/Fire      0%         2d3       100%        4
 Orb of Destruction       Conj           0%         9d5       100%        7
 Spellforged Servitor     Conj/Summ      0%         N/A       100%        7


Dungeon Overview and Level Annotations

Branches:
Dungeon (5/15)
 Temple: D:4-7

Altars:

Shops:
D:1 (=!:?


Innate Abilities, Weirdness & Mutations

You are immune to sickness and miasma.
Your stone body is resilient. (AC +4)
You are immune to poison.
You resist negative energy. (rN+)
You are resistant to electric shocks. (rElec)
You are resistant to unholy torment.
You are immune to petrification.
Your flesh is heat resistant. (rF+)
Your muscles are strong. (Str +4, Int/Dex -1)


Message History

You block the iguana's attack. The ogre completely misses you.
The iguana bites you.
You hit the iguana but do no damage.
The iguana is lightly wounded.
You completely miss the ogre. You block the iguana's attack.
You block the ogre's attack.
A jelly comes into view.
The iguana bites you.
You slash the iguana!
The iguana is heavily wounded.
You hit the ogre. The ogre hits you with a +0 giant club! The iguana bites you!
* * * LOW HITPOINT WARNING * * *
You block the iguana's attack.
You are too injured to fight recklessly!
You are too injured to fight recklessly!
You are too injured to fight recklessly!
You are too injured to fight recklessly!
You are too injured to fight recklessly!
You are too injured to fight recklessly!
You are too injured to fight recklessly!
You are too injured to fight recklessly!
You slash the ogre!
The ogre is severely wounded.
You hit the iguana. You block the ogre's attack.
The iguana bites you but does no damage.
You slash the ogre!
You kill the ogre!
You barely miss the iguana. You block the iguana's attack. x2
Your Evocations skill increases to level 2!
You have reached level 7!
The iguana attacks as you move away! The iguana bites you.
* * * LOW HITPOINT WARNING * * *
You block the jelly's attack.
You see here 4 gold pieces.
You block the jelly's attack. The iguana attacks as you move away!
The iguana bites you.
* * * LOW HITPOINT WARNING * * *
The jelly attacks as you move away! The jelly barely misses you.
You hit the jelly.
Your hands burn!
You die...

#########
#.......####
#####......?#..#
#..............#
#<...........#
#......@.....#
##..#.>Jl....#
#.....$.....#
#..###.###..#
#....).# .##
#..##..# .#
#..##... ##
#...#...
..#.#.#.#


You could see an iguana and a jelly.

Vanquished Creatures
  3 ogres
  A howler monkey (D:5)
  A hound (D:4)
  3 gnolls (D:4)
  10 adders
  3 dart slugs
  An orc (D:4)
  10 endoplasms
  11 goblins
  6 hobgoblins
  6 kobolds
  A quokka (D:1)
  7 ball pythons
  5 bats
  4 frilled lizards
  6 rats
78 creatures vanquished.

Vanquished Creatures (others)
  3 plants (D:3)
3 creatures vanquished.

Grand Total: 81 creatures vanquished

Notes
Turn   | Place    | Note
-------+----------+-------------------------------------------
     0 | D:1      | bande the Gargoyle Fighter began the quest for the Orb.
     0 | D:1      | Reached XP level 1. HP: 14/14 MP: 1/1
    89 | D:1      | Found Vuesa's Weapon Boutique.
   186 | D:1      | Found Kotiz's Distillery.
   194 | D:1      | Reached XP level 2. HP: 19/19 MP: 2/2
   198 | D:1      | Found Omyw's Magic Scroll Emporium.
   538 | D:1      | Found a faded altar of an unknown god.
   598 | D:1      | Reached XP level 3. HP: 14/24 MP: 3/3
   681 | D:1      | Gained mutation: Your muscles are strong. (Str +4, Int/Dex
                  | -1) [potion of mutation]
   681 | D:1      | Gained mutation: Your flesh is heat resistant. (rF+)
                  | [potion of mutation]
   832 | D:1      | Found Ynelah's Book Shoppe.
   847 | D:1      | Found Uriehab's Jewellery Shoppe.
  1217 | D:2      | Identified the +1 leather armour of Tenacity {Harm}
  1598 | D:2      | Reached XP level 4. HP: 29/29 MP: 4/4
  2836 | D:4      | Reached XP level 5. HP: 33/33 MP: 5/5
  3510 | D:4      | Noticed an ogre
  3519 | D:4      | Killed an ogre
  3520 | D:4      | Reached skill level 1 in Evocations
  3520 | D:4      | Reached XP level 6. HP: 3/38 MP: 6/6
  4631 | D:5      | Entered Level 5 of the Dungeon
  4672 | D:5      | Reached XP level 7. HP: 12/44 MP: 7/7
  4674 | D:5      | HP: 2/44 [iguana (5)]
  4675 | D:5      | Splashed by a jelly's acid

Illustrated notes

Levels and vault maps discovered:
D:1:      eino_arrival_cavern_a, layout_basic,
          ebering_ecumenical_altar_abandoned, serial_shops, shop, shop,
          nicolae_shop_hallway_stairs, nicolae_shop_stone, nicolae_shop_crystal
D:2:      layout_loops_corners, serial_glass, glass_columns_b, glass_columns_a
D:3:      layout_rooms, corexii_corridor_pit,
          nicolae_concentric_dashed_squares_wild, chequers_big_river
D:4:      layout_basic, serial_curves, eino_curves_02, eino_curves_04,
          eino_curves_03, eino_curves_02
D:5:      layout_rooms, minmay_temple_entry_sparse_star, uniq_prince_ribbit1

Skill      XL: |  1  2  3  4  5  6 |
---------------+-------------------+-----
Axes           | 2 3 4 |  4.3
Fighting       | 4 |  4.4
Armour         | 4 |  4.7
Shields        | 4 |  4.6
Evocations     | 1 2 |  2.0

Action                   |  1- 3 |  4- 6 |  7- 9 || total
-------------------------+-------+-------+-------++-------
Melee: War axe           |   101 |   150 |     1 ||   252
  Use: Scroll            |     3 |     5 |       ||     8
       Potion            |     1 |       |       ||     1
Armor: Scale mail        |    56 |    70 |       ||   126
Dodge: Dodged            |    47 |    52 |     1 ||   100
Block: Buckler           |    21 |    19 |       ||    40
       Tower shield      |       |    96 |     2 ||    98

Table legend: (Time is in decaauts)
 A = Elapsed time spent in this place.
 B = Non-inter-level travel time spent in this place.
 C = Inter-level travel time spent in this place.
 D = Time resting spent in this place.
 E = Time spent auto-exploring this place.
 F = Levels seen in this place.
 G = Mean time per level.
                   A        B        C        D        E       F      G
               +--------+--------+--------+--------+--------+-----+--------+
         Total |   4818 |   4717 |    101 |    795 |   3114 |   5 |  963.6 |
       Dungeon |   4818 |   4717 |    101 |    795 |   3114 |   5 |  963.6 |
               +--------+--------+--------+--------+--------+-----+--------+

Top non-repeatable levels by time:
     D:4: 1852 daAuts
     D:1: 1215 daAuts
     D:2: 911 daAuts
     D:3: 787 daAuts
     D:5: 52 daAuts
